 Dungeon Crawl Stone Soup version 0.17.1-1-g73c8601 (webtiles) character file.

46 Jmtri7 the Charlatan (level 3, -4/26 HPs)
             Began as a Formicid Artificer on Dec 25, 2015.
             Slain by a killer bee (7 damage)
             ... on level 8 of the Dungeon.
             The game lasted 00:03:02 (179 turns).

Jmtri7 the Charlatan (Formicid Artificer)            Turns: 179, Time: 00:03:02

Health: -4/26      AC:  5    Str: 16    XL:     3   Next: 95%
Magic:  6/6        EV: 11    Int: 11    God:
Gold:   51         SH:  0    Dex: 11    Spells: 0 memorised, 2 levels left

rFire  . . .     SeeInvis +     a - +0 short sword
rCold  . . .     Clarity  .     g - +0 ring mail
rNeg   . . .     SustAt   .     (no shield)
rPois  .         Gourm    .     (helmet unavailable)
rElec  .         Spirit   .     (no cloak)
rCorr  .         Warding  .     (no gloves)
rMut   .         Stasis   +     (no boots)
MR     .....                    (no amulet)
Stlth  +.........               (no ring)
                                (no ring)

@: lethally poisoned (-4 -> -31), not resistant to hostile enchantments, very
unstealthy
A: permanent stasis, dig shafts and tunnels, four strong arms, antennae 3
a: Dig, Shaft Self


You were on level 8 of the Dungeon.
You were not hungry.

You visited 1 branch of the dungeon, and saw 6 of its levels.

You collected 51 gold pieces.

Inventory:

Hand Weapons
 a - a +0 short sword (weapon)
Armour
 g - a +0 ring mail (worn)
Wands
 c - a wand of flame (15)
 d - a wand of enslavement (7)
 e - a wand of random effects (15)
Comestibles
 f - a bread ration


   Skills:
 - Level 1.1 Fighting
 - Level 1.0 Short Blades
 - Level 1.7 Dodging
 - Level 1.2 Stealth
 + Level 5.0 Evocations


You had 2 spell levels left.
You didn't know any spells.

Dungeon Overview and Level Annotations

Branches:
Dungeon (8/15)
 Temple: D:4-7         Lair: D:8-11

Altars:

Shops:
D:7 (


Innate Abilities, Weirdness & Mutations

You are under a permanent stasis effect.
You can dig through walls and to a lower floor.
Your four strong arms can wield two-handed weapons with a shield.
You have a pair of large antennae on your head (SInv).


Message History

The killer bee stings you.
You are lethally poisoned!
The killer bee poisons you!
Your killer bee misses the killer bee.
Your killer bee stings the killer bee.
The killer bee is poisoned.
Your killer bee poisons the killer bee!
You begin to dig a shaft.
You continue digging a shaft.
You feel sick. The killer bee closely misses you.
The killer bee stings your killer bee. x2
Your killer bee dies!
The killer bee looks stronger.
Your killer bee misses the killer bee.
Your killer bee stings the killer bee.
The killer bee is poisoned.
Your killer bee poisons the killer bee!
The killer bee stings you!
* * * LOW HITPOINT WARNING * * *
You are more poisoned.
The killer bee poisons you! The killer bee closely misses you.
The killer bee barely misses your killer bee.
Your killer bee misses the killer bee.
Your killer bee closely misses the killer bee.
The killer bee stings you!
You die...

......
......
......
......######
........[..#
#..........#
#...y$y.yy@#
#......y.y#
#.......y†.#
.#.....y(..#
#.........#
#...?......#
#..........#
...........#
....########


You could see a queen bee, 5 killer bees and 2 friendly killer bees.

Vanquished Creatures (collateral kills)
  2 killer bees (D:8)
  A quokka (D:4)
3 creatures vanquished.

Vanquished Creatures (others)
  2 killer bees (D:8)
  A giant newt (D:5)
  A quokka skeleton (D:4)
4 creatures vanquished.

Grand Total: 7 creatures vanquished

Notes
Turn   | Place    | Note
--------------------------------------------------------------
     0 | D:1      | Jmtri7 the Formicid Artificer began the quest for the Orb.
     0 | D:1      | Reached XP level 1. HP: 15/15 MP: 3/3
    48 | D:1      | You fall through a shaft!
    52 | D:2      | You fall through a shaft for 2 floors!
    81 | D:4      | You fall through a shaft!
    81 | D:5      | Entered Level 5 of the Dungeon
    88 | D:5      | You fall through a shaft for 2 floors!
   131 | D:7      | Noticed an iguana
   136 | D:7      | Found Pinubub's Antique Weapon Emporium.
   166 | D:7      | You fall through a shaft!
   166 | D:8      | Noticed a killer bee
   166 | D:8      | Noticed a killer bee
   169 | D:8      | Noticed a killer bee
   170 | D:8      | Noticed a killer bee
   170 | D:8      | Noticed a killer bee
   173 | D:8      | Noticed a killer bee
   173 | D:8      | Noticed a killer bee
   174 | D:8      | Noticed a killer bee
   174 | D:8      | Noticed a killer bee
   175 | D:8      | Noticed a killer bee
   175 | D:8      | Killed a killer bee
   175 | D:8      | Reached skill level 4 in Evocations
   175 | D:8      | Reached XP level 2. HP: 16/21 MP: 5/5
   175 | D:8      | Reached XP level 3. HP: 19/26 MP: 6/6
   176 | D:8      | a killer bee (ally) was killed
   178 | D:8      | Killed a killer bee
   178 | D:8      | Reached skill level 5 in Evocations
   179 | D:8      | Noticed a killer bee
   179 | D:8      | Noticed a queen bee
   179 | D:8      | a killer bee (ally) was killed
   179 | D:8      | Slain by a killer bee

Action                   || total
-------------------------++-------
 Abil: Shaft Self        ||     6
Evoke: Wand              ||     8
